 Dungeon Crawl Stone Soup version 0.21-a0-213-gae198ad (webtiles) character file.

119 Lavandula the Chiller (level 5, -3/38 HPs)
             Began as a Ghoul Ice Elementalist on Aug 22, 2017.
             Slain by an orc wizard
             ... wielding a +0 dagger
              (6 damage)
             ... on level 4 of the Dungeon.
             The game lasted 00:06:15 (561 turns).

Lavandula the Chiller (Ghoul Ice Elementalist)       Turns: 561, Time: 00:06:17

Health: -3/38      AC:  2    Str: 10 (12) XL:     5   Next: 3%
Magic:  0/9        EV: 12    Int: 10 (11) God:
Gold:   6          SH:  0    Dex:  9      Spells: 10/11 levels left

rFire    . . .     SeeInvis .   (no weapon)
rCold    + . .     Gourm    .   (no shield)
rNeg     + + +     Faith    .   a - +0 robe
rPois    ∞         Spirit   .   (no helmet)
rElec    .         Reflect  .   (no cloak)
rCorr    .         Harm     .   (no gloves)
MR       .....                  (no boots)
Stlth    ++........             (no amulet)
HPRegen  0.00/turn              (no ring)
MPRegen  0.11/turn              (no ring)

@: very slightly contaminated, rotting
A: rotting body, claws 1, carnivore 3, cold resistance 1, negative energy
resistance 3, inhibited regeneration, torment resistance, unbreathing
a: no special abilities


You were on level 4 of the Dungeon.
You were not hungry.

You visited 1 branch of the dungeon, and saw 4 of its levels.

You collected 6 gold pieces.

Inventory:

Hand Weapons
 i - a +2 short sword of draining
Armour
 a - a +0 robe (worn)
Wands
 j - a wand of polymorph (14/24)
Scrolls
 d - a scroll of remove curse
 g - a scroll of immolation {unknown}
 l - a scroll of recharging {unknown}
Potions
 m - a potion of agility
Books
 b - a book of Frost

   Spells                             Type                      Level
   a - Freeze                         Ice                          1
   b - Throw Frost                    Conjuration/Ice              2
   c - Ozocubu's Armour               Charms/Ice                   3
   d - Throw Icicle                   Conjuration/Ice              4
   e - Summon Ice Beast               Ice/Summoning                4
Comestibles
 c - a meat ration


   Skills:
 - Level 1.7 Dodging
 - Level 2.1 Stealth
 + Level 3.8 Spellcasting
   Level 0.7 Conjurations
 - Level 4.0 Ice Magic


You had 10 spell levels left.
You knew the following spells:

 Your Spells              Type           Power        Failure   Level  Hunger
a - Freeze                Ice            #...         4%          1    #......


Dungeon Overview and Level Annotations

Branches:
Dungeon (4/15)
 Temple: D:4-7

Altars:
Fedhas
Ru

Annotations:
D:3 Ijyb, Purgy


Innate Abilities, Weirdness & Mutations

Your body is rotting away.
You thrive on raw meat.
You are immune to poison.
You have sharp fingernails.
You are carnivorous and can eat meat at any time.
Your flesh is cold resistant. (rC+)
You are immune to negative energy. (rN+++)
You do not regenerate when monsters are visible.
You are immune to unholy pain and torment.
You can survive without breathing.


Message History

The orc wizard looks braver for a moment.
Casting: Freeze
Confirm with . or Enter, or press ? or * to list all spells.
Aiming: Freeze
Press: ? - help, Shift-Dir - straight line, f/p - orc wizard
Aim: an orc wizard, wielding a dagger and wearing a robe (heavily wounded)
You miscast Freeze.
You are very lightly contaminated with residual magic.
Nothing appears to happen.
The orc wizard hits you but does no damage.
Evoke which item? (* to show all) (? for menu, Esc to quit)
Okay, then.
As you read the scroll labeled SADDUEFUSA, it crumbles to dust.
It is a scroll of amnesia.
Forget which spell ([?*] list [ESC] exit)?
Forget which spell ([?*] list [ESC] exit)?
Forget which spell ([?*] list [ESC] exit)?
Okay, then.
The orc wizard hits you with a dagger.
You die...

..[ #.# #.# # #.#
.# #.# ..## ###
##.###....#. ...
+.oo.oo.....
####.#
##o###..o..#
.....# #@# o.#.#
.....# #.# ##
.....###########.#
.................#
.....###########.#
.....# #...#
.....# #[#.#
.....# ≈≈.≈≈#
.....# ..≈ ≈≈#


You could see an orc wizard and 2 orcs.

Vanquished Creatures
  A scorpion (D:3)
  A jelly (D:3)
  An adder (D:3)
  An ooze (D:3)
  A dart slug (D:3)
  A leopard gecko (D:4)
  2 orcs (D:4)
  3 goblins (D:3)
  2 hobgoblins (D:1)
  2 jackals (D:2)
  3 kobolds
  2 frilled lizards (D:3)
  A jackal skeleton (D:4)
  A rat (D:4)
22 creatures vanquished.

Notes
Turn   | Place    | Note
-------+----------+-------------------------------------------
     0 | D:1      | Lavandula the Ghoul Ice Elementalist began the quest for the Orb.
     0 | D:1      | Reached XP level 1. HP: 14/14 MP: 2/2
    92 | D:2      | Reached XP level 2. HP: 11/20 MP: 0/4
   123 | D:3      | Reached skill level 4 in Ice Magic
   143 | D:3      | Found a sacrificial altar of Ru.
   209 | D:3      | Reached XP level 3. HP: 21/26 MP: 0/5
   303 | D:3      | Reached XP level 4. HP: 20/33 MP: 0/7
   384 | D:3      | Noticed Ijyb
   385 | D:3      | Noticed Ijyb
   385 | D:3      | Ijyb changed into Ijyb the hound
   388 | D:3      | Noticed Purgy
   516 | D:4      | Found a blossoming altar of Fedhas.
   538 | D:4      | Reached XP level 5. HP: 25/38 MP: 6/9
   561 | D:4      | Slain by an orc wizard

Vault maps used:
D:1:      tarquinn_simple_flora_water_e
D:2:      first_bread, nicolae_qazlal_style_of_elements, uniq_terence
D:3:      minmay_misc_feat_columns, nicolae_ru_awakened_eye, uniq_purgy,
          uniq_ijyb
D:4:      fedhas_altar_2

Skill      XL: |  1  2  3 |
---------------+----------+-----
Spellcasting   | 2 3 |  3.8
Ice Magic      | 4 |  4.0
Dodging        | |  1.7
Stealth        | |  2.1
Conjurations   | |  0.7

Action                   |  1- 3 |  4- 6 || total
-------------------------+-------+-------++-------
Melee: Unarmed           |    28 |    31 ||    59
 Cast: Freeze            |    21 |    23 ||    44
Evoke: Wand              |       |     1 ||     1
  Use: Scroll            |     1 |     1 ||     2
       Potion            |       |     3 ||     3
  Eat: Chunk             |    10 |     4 ||    14
Armor: Robe              |     8 |     6 ||    14
Dodge: Dodged            |    30 |    40 ||    70

Table legend:
 A = Spawn XP
 B = Non-spawn XP
 C = Spawn XP percentage of total XP
 D = Spawn monster count
 E = Non-spawn monster count
 F = Spawn count percentage of total count
 G = Total turns spent on level
                    A         B        C        D         E        F      G
               +---------+---------+-------+---------+---------+-------+---------
         Total |       0 |     170 |   0.0 |       0 |      22 |   0.0 |   561
               +---------+---------+-------+---------+---------+-------+---------
           D:1 |       0 |       8 |   0.0 |       0 |       4 |   0.0 |    87
           D:2 |       0 |       4 |   0.0 |       0 |       2 |   0.0 |    25
           D:3 |       0 |     147 |   0.0 |       0 |      11 |   0.0 |   332
           D:4 |       0 |      11 |   0.0 |       0 |       5 |   0.0 |   117
               +---------+---------+-------+---------+---------+-------+---------
